[Event "CCT Julius Baer-D3 2024"]
[Site "Online"]
[Date "2024.09.27"]
[Round "2.3"]
[White "Kamsky, Gata"]
[Black "Sindarov, Javokhir"]
[Result "1/2-1/2"]
[ECO "D00"]
[WhiteElo "2609"]
[BlackElo "2677"]
[Annotator "TA"]
[PlyCount "45"]
[EventDate "2024.09.25"]
[EventType "swiss"]
[EventCountry "NET"]
[SourceTitle "playchess.com"]
[Source "ChessBase"]
[SourceQuality "1"]
[TimeControl "600+2"]

1. d4 Nf6 2. Bf4 d5 3. e3 c5 4. c3 Nc6 5. Nd2 cxd4 6. exd4 Bf5 7. Ngf3 e6 8. Bb5 Bd6 9. Bxd6 Qxd6 10. O-O O-O 11. Re1 a6 12. Bxc6 bxc6 13. b4 a5 14. a3 Bg4 15. Qc2 Bxf3 {[%emt 0:00:23] The position is equal.} 16. Nxf3 Ra7 17. Ne5 Rfa8 18. a4 Nd7 19. Nd3 Nb6 20. Nc5 Nd7 21. Nd3 Nb6 22. Nc5 Nd7 23. Nd3 {[%emt 0:00:26] Weighted Error Value: White=0.03 (flawless) /Black=0.03 (flawless) .  Inaccurate:     	White=1     	---        OK:         	White=9     	Black=9} 1/2-1/2

[Event "CCT Julius Baer-D3 2024"]
[Site "Online"]
[Date "2024.09.27"]
[Round "2.4"]
[White "Keymer, Vincent"]
[Black "Santos Latasa, Jaime"]
[Result "1-0"]
[ECO "A17"]
[WhiteElo "2730"]
[BlackElo "2624"]
[Annotator "TA"]
[PlyCount "89"]
[EventDate "2024.09.25"]
[EventType "swiss"]
[EventCountry "NET"]
[SourceTitle "playchess.com"]
[Source "ChessBase"]
[SourceQuality "1"]
[TimeControl "600+2"]

1. Nf3 d5 2. e3 Nf6 3. c4 e6 4. Nc3 dxc4 5. Bxc4 a6 6. e4 b5 7. Bb3 Bb7 8. e5 {[%emt 0:00:02] The position is equal.} Nd5 9. d4 c5 ({Better is} 9... Nxc3 $11 10. bxc3 c5) 10. Bxd5 $14 Bxd5 11. Bg5 Qd7 12. Nxd5 Qxd5 13. dxc5 Bxc5 14. Qxd5 exd5 15. Rd1 Nc6 16. Rxd5 (16. Rc1 $16 Bb4+ 17. Ke2) 16... Be7 (16... Nb4 $1 $11 {remains equal.} 17. Rd1 (17. Rxc5 $2 Nd3+ 18. Ke2 Nxc5 $19) 17... h6) 17. Bxe7 $16 Kxe7 {[%emt 0:00:01] [#]} 18. Ke2 $1 Rac8 19. Rhd1 Rhd8 {[%emt 0:00:06] Against Rd7+} 20. Rxd8 Nxd8 {[%emt 0:00:00][%mdl 4096] Endgame. KRN-KRN} 21. Nd4 {[%emt 0:00:16] White is more active.} g6 22. f4 Rc4 23. b3 Rc5 24. Ke3 b4 25. g3 (25. Rd2 $18) 25... Nb7 (25... Ne6 $16 26. Nxe6 fxe6) 26. Kd2 $18 Nd8 {[%emt 0:00:48] [#]} 27. Rc1 $1 Ra5 28. Rc2 Kd7 29. Ke3 Ne6 30. Nxe6 fxe6 {[%emt 0:00:15] KR-KR} 31. g4 Rd5 $2 (31... Rb5 32. Rc4 h6) 32. Rd2 Kc6 33. Rxd5 Kxd5 {[%emt 0:00:00] KP-KP} 34. h4 a5 35. Kd3 {[%emt 0:00:01] Ke3 would kill now.} h6 36. Ke3 {[%emt 0:00:00] White mates.} g5 37. fxg5 hxg5 38. hxg5 Kxe5 39. Kd3 Kd6 40. Ke4 Ke7 41. Ke5 Kf7 42. Kd6 Kg6 43. Kxe6 Kxg5 44. Kd5 Kxg4 45. Kc5 {[%emt 0:00:00] Weighted Error Value: White=0.07 (flawless) /Black=0.51.  Mistake:       	White=2     	Black=4      Inaccurate:     	---       	Black=4      OK:         	White=15    	Black=6      Best:        	White=3     	---        Strong:       	White=1     	---} 1-0

[Event "CCT Julius Baer-D3 2024"]
[Site "Online"]
[Date "2024.09.27"]
[Round "2.4"]
[White "Sindarov, Javokhir"]
[Black "Kamsky, Gata"]
[Result "1-0"]
[ECO "B22"]
[WhiteElo "2677"]
[BlackElo "2609"]
[Annotator "TA"]
[PlyCount "57"]
[EventDate "2024.09.25"]
[EventType "swiss"]
[EventCountry "NET"]
[SourceTitle "playchess.com"]
[Source "ChessBase"]
[SourceQuality "1"]
[TimeControl "600+2"]

1. e4 c5 2. Nf3 e6 3. c3 Nf6 4. e5 Nd5 5. a3 b6 6. d4 cxd4 7. cxd4 Ba6 8. Bxa6 Nxa6 9. Bg5 Be7 {[%emt 0:00:15] The position is equal.} 10. Bxe7 Qxe7 11. O-O O-O 12. Nbd2 f5 13. Rc1 Nac7 14. Nc4 g5 15. Qd2 g4 16. Ne1 f4 17. Nd6 Ne8 (17... Qh4 {is interesting.} 18. g3 Qh5 19. Nd3 Qh3) 18. Ne4 Qg7 19. Nd3 Qg6 20. Rfe1 a5 21. Kh1 Ng7 {[%emt 0:00:25] [#]} 22. Nf6+ $1 Nxf6 23. exf6 Rxf6 (23... Qxf6 $11 24. Re4 (24. Ne5 Qh4 $16) 24... Qg5) 24. Ne5 $1 $16 (24. Nxf4 Qh6 25. g3 Nh5 $16) 24... Qg5 25. Nxd7 Rh6 26. Re4 {[%emt 0:00:09] White is much more active.} (26. Nxb6 Rf8 27. Rc3 (27. Nd7 $2 Qh5 $19) 27... Qh5 $14) 26... Rd8 (26... Nh5 $142) 27. Qxf4 (27. Nxb6 $2 e5 28. Qc2 (28. Rxe5 $2 Qxe5 29. h3 Rxb6 $19) (28. Qxa5 $2 Qh5 $19) 28... Qh4 $19 (28... Rxb6 $2 29. Rxe5 Qh4 30. g3 $19) (28... exd4 $2 29. Qc4+ Kh8 30. Rxd4 $19)) 27... Qh4 {[%emt 0:00:27] [#]} (27... Qxf4 $16 28. Rxf4 Rxd7) 28. Rc7 (28. Qxg4 $2 Qxh2#) ({Weaker is} 28. Nxb6 e5 29. Qxe5 Re6 $11 (29... Rxb6 30. Qxa5 Qf6 31. Rxg4 $14)) 28... Ne8 $2 (28... e5 $18 29. Nxe5 (29. dxe5 Kh8 $18) (29. Rxe5 Ne6 $15) 29... Rf8) 29. Qf8# {[%emt 0:00:03] Weighted Error Value: White=0.08 (flawless) /Black=0.49.  Loses game:     	---       	Black=1      Mistake:       	---       	Black=3      Inaccurate:     	White=2     	Black=1      OK:         	White=10    	Black=8      Best:        	White=2     	Black=1      Strong:       	White=1     	---} 1-0

[Event "CCT Julius Baer-D3 2024"]
[Site "Online"]
[Date "2024.09.27"]
[Round "2.4"]
[White "Korobov, Anton"]
[Black "Gelfand, Boris"]
[Result "1/2-1/2"]
[ECO "B22"]
[WhiteElo "2650"]
[BlackElo "2658"]
[Annotator "TA"]
[PlyCount "116"]
[EventDate "2024.09.25"]
[EventType "swiss"]
[EventCountry "NET"]
[SourceTitle "playchess.com"]
[Source "ChessBase"]
[SourceQuality "1"]
[TimeControl "600+2"]

1. e4 c5 2. c3 Nf6 3. e5 Nd5 4. Bc4 Nb6 5. Bb3 c4 6. Bc2 d6 7. exd6 Qxd6 8. Nf3 Nc6 9. O-O Bg4 10. Re1 {[%emt 0:00:06] Inhibits Ne5.} Ne5 11. Rxe5 Bxf3 12. Qe1 Bc6 13. b3 g6 14. Ba3 Qc7 15. Bc5 e6 16. Na3 (16. Bxf8 $11 Kxf8 17. Na3) 16... Bxc5 (16... Nd7 $15 17. Bxf8 Nxe5 (17... Qxe5 $2 {loses.} 18. Qxe5 Nxe5 19. Bg7 $18)) 17. Rxc5 $11 cxb3 18. axb3 O-O 19. Be4 Nd7 20. Rc4 Ne5 21. Rc5 Nd7 22. Rg5 Rad8 23. Bxc6 Qxc6 24. Nc4 a6 25. d4 Qc7 26. h4 Nf6 27. Ne5 Rd5 28. Rg3 Nh5 29. Rf3 Qe7 30. g3 Ng7 31. Rd1 Nf5 32. Qe4 Rfd8 33. Kg2 (33. h5 $1 $14) 33... h5 $1 34. Rfd3 Nd6 35. Qf4 {[%emt 0:00:18] Hoping for c4.} Nf5 36. Qg5 Kg7 37. Qxe7 Nxe7 38. Kf3 Nc6 39. Nxc6 bxc6 {[%emt 0:00:01][%mdl 4096] Endgame. KRR-KRR} 40. Ra1 a5 41. Re3 Kf6 {[%emt 0:00:25] The position is equal.} 42. Ke2 Ke7 43. f4 Rb5 44. Ra3 Rdb8 45. c4 Rb4 46. Rc3 Kf6 47. Kd3 Ra8 48. Ke4 Rab8 49. Kd3 Ra8 50. Ke4 a4 51. bxa4 Raxa4 52. Rxa4 Rxa4 {[%emt 0:00:01] KR-KR} 53. c5 Ra1 54. Rb3 {[%emt 0:00:14] Rb6 would now be deadly.} Re1+ 55. Kf3 Rd1 56. Ke4 Re1+ 57. Kf3 Rd1 58. Ke4 {[%emt 0:00:02] Strongly threatening Rb6.} Re1+ {[%emt 0:00:02] Weighted Error Value: White=0.08 (flawless) /Black=0.06 (flawless) .  Mistake:       	White=2     	Black=1      Inaccurate:     	---       	Black=3      OK:         	White=25    	Black=20     Best:        	---       	Black=3      Strong:       	---       	Black=1} 1/2-1/2

[Event "CCT Julius Baer-D3 2024"]
[Site "Online"]
[Date "2024.09.27"]
[Round "2.4"]
[White "Yoo, Christopher Woojin"]
[Black "Niemann, Hans Moke"]
[Result "1/2-1/2"]
[ECO "C67"]
[WhiteElo "2603"]
[BlackElo "2733"]
[Annotator "TA"]
[PlyCount "54"]
[EventDate "2024.09.25"]
[EventType "swiss"]
[EventCountry "NET"]
[SourceTitle "playchess.com"]
[Source "ChessBase"]
[SourceQuality "1"]
[TimeControl "600+2"]

1. e4 e5 2. Nf3 Nc6 3. Bb5 Nf6 4. O-O Nxe4 5. Re1 Nd6 6. Nxe5 Be7 7. Bf1 Nxe5 8. Rxe5 O-O 9. d4 Bf6 10. Re1 Re8 11. Nc3 Rxe1 {[%emt 0:00:03] The position is equal.} 12. Qxe1 Bxd4 13. Bf4 Ne8 $1 14. Nd5 d6 15. Bg5 f6 16. Bh4 {[%emt 0:00:22] [#] Threatens to win with Qe4.} g5 17. Qe4 Bxb2 18. Re1 Be5 {[%emt 0:00:01][%cal Oc8e6] Strongly threatening ...Be6!} 19. f4 $132 {[%emt 0:00:03][%mdl 2048] White has counterplay} gxh4 20. fxe5 dxe5 {[%emt 0:00:01] ...Be6 is the strong threat.} 21. Bd3 $1 Bf5 22. Qxf5 Qxd5 23. Qxh7+ Kf8 24. Qh6+ Ke7 25. Qh7+ Kf8 26. Qh6+ Ke7 27. Qh7+ Kf8 {[%emt 0:00:00] An uneventful encounter.   Weighted Error Value: White=0.01 (flawless) /Black=0.00 (flawless) .  Inaccurate:     	White=1     	---        OK:         	White=11    	Black=9      Best:        	White=1     	Black=2      Strong:       	White=1     	Black=1} 1/2-1/2

[Event "CCT Julius Baer-D3 2024"]
[Site "Online"]
[Date "2024.09.27"]
[Round "2.4"]
[White "Moussard, Jules"]
[Black "Svane, Rasmus"]
[Result "1-0"]
[ECO "B11"]
[WhiteElo "2600"]
[BlackElo "2629"]
[Annotator "TA"]
[PlyCount "73"]
[EventDate "2024.09.25"]
[EventType "swiss"]
[EventCountry "NET"]
[SourceTitle "playchess.com"]
[Source "ChessBase"]
[SourceQuality "1"]
[TimeControl "600+2"]

1. e4 c6 2. Nf3 d5 3. Nc3 Bg4 4. h3 Bxf3 5. Qxf3 e6 6. Be2 d4 7. Nb1 Ne7 8. d3 Ng6 {[%emt 0:00:07] The position is equal.} 9. g3 a5 10. O-O h5 11. h4 Nd7 12. Qg2 e5 13. a4 Be7 14. Bd1 Nc5 15. Nd2 Qd7 16. Nc4 Bd8 {[%emt 0:00:27] Inhibits Nb6.} 17. Bd2 Bc7 18. Kh2 f5 (18... Ne6 $14) 19. exf5 Qxf5 20. b4 axb4 21. Bxb4 Nd7 22. Bf3 Qe6 (22... Nxh4 $2 23. Be4 $18 (23. gxh4 c5 $18)) 23. Be4 {[%emt 0:00:17] White is more active. A strong pair of Bishops.} Ne7 24. Bxe7 (24. Qh3 $16 Kf7 25. f4 Qxh3+ 26. Kxh3 exf4 27. Rae1 (27. gxf4 Nd5 $16)) 24... Kxe7 $14 25. Rab1 Nc5 {[%emt 0:00:07] [#]} (25... Ra7 $11 {remains equal.}) 26. a5 Bxa5 (26... Rh6 $11) 27. f4 $16 exf4 (27... Bc7 $16 {was necessary.}) 28. Rxf4 $18 ({Weaker is} 28. gxf4 Qg4 $14) 28... Bc7 $2 (28... Rhf8) 29. Bf5 Qf6 30. Rf3 (30. Rbf1 $18 {and the rest is easy.} Ke8 31. R4f3 (31. Bd7+ Nxd7 32. Rxf6 Nxf6 $18) 31... Qxh4+ 32. Bh3) 30... Qxh4+ (30... Rhf8 $16) 31. Kg1 Qg5 32. Qf2 {[%emt 0:00:09] Threatens to win with Re1+.} Rh6 33. Re1+ Kf8 (33... Kf7 $18 34. Qxd4 Bxg3 35. Qxc5 Bf4+ (35... Bxe1+ $2 {perishes.} 36. Kf1 $18) 36. Kf1 Kg8) 34. Bg6+ Kg8 {[%emt 0:00:10] [#]} 35. Rf8+ $3 Rxf8 {[%emt 0:00:03] [#]} 36. Qxf8+ $3 Kxf8 37. Re8# {[%emt 0:00:00] Weighted Error Value: White=0.30/Black=0.74.  Loses game:     	---       	Black=1      Missed win:     	White=1     	---        Mistake:       	White=2     	Black=5      Inaccurate:     	White=2     	Black=1      OK:         	White=5     	Black=9      Best:        	White=3     	Black=1} 1-0

[Event "CCT Julius Baer-D3 2024"]
[Site "Online"]
[Date "2024.09.27"]
[Round "2.4"]
[White "Makarian, Rudik"]
[Black "Theodorou, Nikolas"]
[Result "1/2-1/2"]
[ECO "B33"]
[WhiteElo "2550"]
[BlackElo "2619"]
[Annotator "TA"]
[PlyCount "98"]
[EventDate "2024.09.25"]
[EventType "swiss"]
[EventCountry "NET"]
[SourceTitle "playchess.com"]
[Source "ChessBase"]
[SourceQuality "1"]
[TimeControl "600+2"]

1. e4 c5 2. Nf3 Nc6 3. d4 cxd4 4. Nxd4 e5 5. Nb5 d6 6. N1c3 a6 7. Na3 Be7 8. Nc4 Nf6 9. Bg5 Nd4 10. Bxf6 Bxf6 11. Nd5 b5 12. Ncb6 {[%emt 0:00:10] Excellent horsemanship.} Rb8 13. Nxc8 Rxc8 (13... Qxc8 $14 14. c3 Ne6) 14. c3 $16 {[%emt 0:00:00] White is better.} Ne6 15. a4 Rb8 16. axb5 axb5 17. Ra6 Bg5 (17... Nc7 $142 18. Nxf6+ Qxf6 19. Rxd6 (19. Qxd6 $2 Nxa6 20. Qxf6 gxf6 $19) 19... Qf4) 18. Nb4 {[%emt 0:01:20][%cal Ob4c6] Nc6! would now be deadly.} Rb6 {[%emt 0:00:37] [#]} (18... Qc7 $16 {was called for.}) 19. h4 Be7 {[%emt 0:00:10] Black is weak on the light squares} (19... Bf6 $142) 20. Ra7 {[%emt 0:00:28][%cal Of1b5] Threatens to win with Bxb5+!} Nc7 21. g3 (21. Qa1 $18 {aiming for Qa5.} Qb8 22. Nd5) 21... O-O $1 $14 22. Bh3 {[%emt 0:00:10] White is much more active.} Qb8 23. Rxc7 Qxc7 24. Nd5 Qb7 25. O-O (25. Nxb6 $11 Qxb6 26. O-O) 25... Ra6 $15 26. h5 Bd8 (26... Rfa8 $17) 27. Kg2 (27. h6 $11 {is more appropriate.} g6 28. Qd2) 27... Kh8 28. Bg4 Ra2 29. Qb1 Ra4 30. b4 {[%emt 0:00:04] [#]} (30. Qd3 $11) 30... f5 $1 $17 31. Bf3 (31. Bxf5 $2 Rxf5 32. exf5 Qxd5+ $19) (31. Bd1 Ra3) 31... fxe4 (31... f4 $142 32. gxf4 exf4) 32. Bxe4 Qf7 {[%emt 0:00:01] Inhibits Nf6.} 33. Qc2 Bb6 34. f4 (34. Nxb6 $2 Ra2 35. Bd5 Rxc2 $19) (34. Qe2 $15 Bd8 35. Qb2 (35. Qxb5 $2 Ra2 $17)) 34... Qa7 35. Qd3 Ra2+ $1 36. Kh3 exf4 (36... Qd7+ $17 37. g4 Bf2) 37. Nxf4 $2 (37. Rxf4 $11 {and White stays safe.} Rxf4 38. Nxf4 Qd7+ 39. Bf5) 37... Qd7+ $19 38. g4 Rf2 39. Rxf2 Bxf2 40. Bf5 Qc6 41. Kh2 {[%emt 0:00:10] Prevents Qh1+.} (41. Nd5 $142) 41... Be1 $2 ({Better is} 41... d5 $19 {Strongly threatening ...Ba7.} 42. Kg2 Be1) 42. Ne6 $2 (42. h6 $1 $15 Qxc3 43. Ne6) 42... Rf6 $2 ({Black should try} 42... Ra8 $19 {( -> ...Ra2+)} 43. Be4 Ra2+ (43... Qxc3 $2 44. Qxc3 Bxc3 45. Bxa8 $18) 44. Kh3 Qxc3 45. Qxc3 Bxc3) 43. c4 $2 (43. g5 $11 Rxe6 44. Bxe6 Bxc3 45. Qf5 (45. Bd5 Be5+ 46. Kg2 Qc1 $11)) 43... Qxc4 (43... Bxb4 44. g5 bxc4 45. Qd4 Rxe6 (45... Rxf5 46. Qxg7#) (45... Bc5 46. gxf6 Bxd4 47. f7 $11) 46. Bxe6 $15) (43... bxc4 44. Qe3 $15) 44. Qxd6 {[%emt 0:00:04] Threatening mate with Qd8+.} Qe2+ 45. Kh1 Qf1+ 46. Kh2 {[%emt 0:00:01] Intending Qb8+ and mate.} Qf2+ 47. Kh1 {[%emt 0:00:01] [#] Qb8+ would kill now.} Qf1+ (47... Qf3+ $1 $17 48. Kh2 Qa8) 48. Kh2 $11 {[%emt 0:00:01] White threatens Qb8+ and mate.} Qf2+ (48... Rxf5 $11 49. gxf5 Qf2+ 50. Kh1 Qf1+ (50... Qxf5 51. Qd8+) (50... Qf3+ 51. Kh2 $11) 51. Kh2 Qe2+ (51... Qxf5 52. Qd8+) (51... Qf2+ 52. Kh1 $11) 52. Kh3 Qf3+ (52... Qxh5+ 53. Kg2 $11) 53. Kh2 Qf2+ (53... Qxf5 54. Qd8+) (53... Qxh5+ 54. Kg1 $14) 54. Kh1 Qf3+ (54... Qxf5 55. Qd8+) 55. Kg1 Qf2+ (55... Qxh5 56. Qf8#) 56. Kh1) 49. Kh1 $17 {[%emt 0:00:03] [#] White wants to mate with Qb8+. Dancing on a razor blade.} Qf1+ {[%emt 0:00:01] Never resign too early!   Weighted Error Value: White=0.49/Black=0.44.  Loses game:     	White=3     	---        Missed win:     	---       	Black=2      Mistake:       	White=7     	Black=10     Inaccurate:     	White=2     	Black=4      OK:         	White=10    	Black=11     Best:        	White=5     	Black=4      Strong:       	---       	Black=2} ({Black should play} 49... Qf3+ $1 $17 50. Kh2 Qa8) 1/2-1/2

[Event "CCT Julius Baer-D3 2024"]
[Site "Online"]
[Date "2024.09.27"]
[Round "2.5"]
[White "Gelfand, Boris"]
[Black "Korobov, Anton"]
[Result "1/2-1/2"]
[ECO "D78"]
[WhiteElo "2658"]
[BlackElo "2650"]
[Annotator "RC"]
[PlyCount "184"]
[EventDate "2024.09.25"]
[EventType "swiss"]
[EventCountry "NET"]
[SourceTitle "playchess.com"]
[Source "ChessBase"]
[SourceQuality "1"]
[TimeControl "600+2"]

1. Nf3 d5 2. g3 g6 3. Bg2 Bg7 4. d4 Nf6 5. O-O O-O 6. c4 c6 7. Qa4 Nfd7 8. cxd5 Nb6 9. Qd1 cxd5 10. Nc3 Nc6 11. e3 e6 12. b3 a5 13. a4 Re8 14. Ba3 Nb4 15. Bxb4 axb4 16. Na2 Bf8 17. Qd2 Qd6 18. Ne5 Nd7 19. Nd3 b5 20. Naxb4 bxa4 21. Rxa4 Rb8 22. Rc1 Qb6 23. Nc6 Qxb3 24. Raa1 Rb7 25. Na5 Qb6 26. Nxb7 Qxb7 27. Qa5 Bd6 28. Nc5 Nxc5 29. dxc5 Be5 30. c6 Qe7 31. Rab1 Bc7 32. Qc5 Bd6 33. Qc3 Bc7 34. Ra1 h5 35. Ra7 h4 36. Qa3 Qd8 37. Ra8 d4 38. exd4 Qxd4 39. Qc3 Qb6 40. Raa1 Qb5 41. Qc5 Qb2 42. Rcb1 Qf6 43. Ra7 Be5 44. Rd1 Bb8 45. Ra4 hxg3 46. hxg3 Bc7 47. Ra7 Bb8 48. Ra3 Bc7 49. Rf3 Qb2 50. Qd4 Qxd4 51. Rxd4 Kf8 52. Ra3 e5 53. Rd2 Be6 54. Ra7 Rc8 55. Rb7 Ke7 56. Bd5 Bf5 57. Ra2 f6 58. Bg2 Kd6 59. Rd2+ Kc5 60. Rd7 Ba5 61. Rf7 e4 62. Rxf6 Bc3 63. Rff7 Rxc6 64. Rbc7 Be5 65. Rxc6+ Kxc6 66. Ra7 Kd6 67. Ra4 e3 68. fxe3 Bxg3 69. Ra6+ Ke5 70. Ra5+ Kf6 71. Bf3 Bd6 72. Kg2 Be6 73. Be4 g5 74. Ra6 Ke5 75. Bc6 Bc5 76. Ra5 Kd6 77. Be4 Bxe3 78. Kf3 Bf4 79. Bb7 Ke7 80. Be4 Kf6 81. Ra6 Ke5 82. Ra5+ Kf6 83. Bb7 Be5 84. Bc6 g4+ 85. Kg2 Bf5 86. Bd5 Bf4 87. Bb7 Be6 88. Bc6 g3 89. Bb7 Bf5 90. Bc6 Be6 91. Bb7 Bf5 92. Bc6 Be6 1/2-1/2

[Event "CCT Julius Baer-D3 2024"]
[Site "Online"]
[Date "2024.09.27"]
[Round "2.5"]
[White "Yoo, Christopher Woojin"]
[Black "Niemann, Hans Moke"]
[Result "1-0"]
[ECO "D40"]
[WhiteElo "2603"]
[BlackElo "2733"]
[Annotator "TA"]
[PlyCount "77"]
[EventDate "2024.09.25"]
[EventType "swiss"]
[EventCountry "NET"]
[SourceTitle "playchess.com"]
[Source "ChessBase"]
[SourceQuality "1"]
[TimeControl "600+2"]

1. Nf3 d5 2. d4 Nf6 3. c4 e6 4. Nc3 c5 5. e3 Nc6 6. a3 dxc4 7. Bxc4 a6 8. Ba2 b5 9. O-O Bb7 10. d5 exd5 11. Nxd5 c4 12. e4 Be7 {[%emt 0:00:07] The position is equal.} (12... Nxe4 $5 13. Bf4 (13. Re1 Ne7 $11) 13... Ne5 14. Bxe5 Qxd5 $15) 13. b3 cxb3 14. Qxb3 {[%emt 0:00:05] Nxf6+ would kill now.} O-O 15. Qd3 Nxd5 16. exd5 Na5 $1 17. Rd1 $40 {[%emt 0:00:27][%mdl 128] Black needs to defend precisely.} Bf6 18. Rb1 Rc8 $1 {[%emt 0:00:02] [#]} 19. a4 $1 Rc3 20. Qd2 bxa4 (20... Qc7 $11 {is more appropriate.} 21. Bb2 (21. axb5 Rc2 $17) 21... Rc2) 21. Bb2 Nb3 22. Qf4 (22. Bxc3 $2 Nxd2 23. Bxd2 Bxd5 24. Bxd5 Qxd5 $17) 22... Rc8 (22... Qc7 $16 23. Qxa4 Nc5) 23. Ba3 $1 $18 (23. Qxa4 $6 Nc5 24. Qa3 Bxb2 25. Qxb2 (25. Rxb2 Qf6 $14) 25... Ba8 $16) 23... Re8 24. Qxa4 Na5 25. Re1 {[%emt 0:00:30] Hoping for Rxe8+.} Rxe1+ (25... Bxd5 $2 26. Bxd5 (26. Qxe8+ Qxe8 27. Rxe8+ Rxe8 $18) 26... Rxe1+ 27. Rxe1 $18) (25... Bc3 26. Qxe8+ Qxe8 27. Rxe8+ Rxe8) 26. Rxe1 h6 27. Rd1 (27. Bb4 $18 {has better winning chances.}) 27... Ba8 (27... Qc7 $16 {might work better.}) 28. Bb4 (28. h3 $1 $18 {is the precise move to win.}) 28... Nc4 $16 29. Qxa6 Nb2 (29... Bxd5 $2 30. Rxd5 $18) 30. Re1 {[%emt 0:00:09] h3 is the strong threat.} Rb8 31. Ba5 {[%emt 0:00:12] White is much more active.} Qd7 {[%emt 0:00:03] [#]} 32. d6 $1 Bc6 {[%emt 0:00:13][%cal Oc6b5] [#] White must now prevent ...Bb5!} 33. Bxf7+ $1 Kh7 (33... Kxf7 $2 34. Re7+ $18) (33... Kh8 $16) 34. Be6 (34. Bc7 $18 Ra8 35. Qe2 Qxf7 36. Qc2+ Nd3 37. Qxd3+ (37. Qxc6 Ra3 $18) 37... Qg6 38. Qxg6+ Kxg6 39. Rd1) 34... Qxd6 35. Bf5+ Kh8 36. h4 Na4 $2 (36... Qf4 $16) 37. Rc1 $2 (37. Re6 $18 {and the rest is easy.} Qd1+ 38. Kh2 (38. Re1 Qd5 $18)) 37... Nc5 38. Qa7 {[%emt 0:00:04] Strongly threatening Bc7.} Bxf3 $4 (38... Rb5 $16) 39. Bc7 {[%emt 0:00:07] Weighted Error Value: White=0.38/Black=0.45.  Loses game:     	---       	Black=2      Missed win:     	White=2     	---        Mistake:       	White=2     	Black=5      Inaccurate:     	White=1     	Black=2      OK:         	White=12    	Black=8      Best:        	White=2     	Black=6      Strong:       	White=3     	Black=2} ({Less strong is} 39. Qxc5 Qxc5 40. Rxc5 Be2 $14) ({Inferior is} 39. Rxc5 Rg8 40. Qc7 (40. gxf3 Bd4 $15) 40... Qd1+ 41. Kh2 Qd4 $11) (39. gxf3 Nb3 $16) 1-0

[Event "CCT Julius Baer-D3 2024"]
[Site "Online"]
[Date "2024.09.27"]
[Round "2.5"]
[White "Bharath Subramaniyam H"]
[Black "Navara, David"]
[Result "1-0"]
[ECO "C54"]
[WhiteElo "2561"]
[BlackElo "2681"]
[Annotator "TA"]
[PlyCount "159"]
[EventDate "2024.09.25"]
[EventType "swiss"]
[EventCountry "NET"]
[SourceTitle "playchess.com"]
[Source "ChessBase"]
[SourceQuality "1"]
[TimeControl "600+2"]

1. e4 e5 2. Nf3 Nc6 3. Bc4 Bc5 4. d3 Nf6 5. O-O O-O 6. h3 h6 7. Re1 d6 8. c3 a5 {[%emt 0:00:02] C54: Giuoco Piano: 4 c3 Nf6, main lines with 5 d4 and 5 d3.} 9. Bb3 b5 10. d4 Bb6 11. Be3 a4 12. Bc2 exd4 13. Nxd4 $146 ({Predecessor:} 13. cxd4 Nb4 14. Nc3 Nxc2 15. Qxc2 Ba5 16. Bd2 Rb8 17. e5 dxe5 18. dxe5 Bxc3 19. Qxc3 {1-0 Firouzja,A (2749)-Ding,L (2791) Skilling op Prelim rapid 2020 (11)}) 13... Nxd4 14. cxd4 Bb7 15. Nc3 Ba5 16. Bd2 Re8 17. f3 Bb6 18. Be3 Qd7 19. Qd2 b4 20. Ne2 c5 21. Red1 Qe7 22. Ng3 cxd4 23. Bf2 d5 24. Nf5 Qf8 25. exd5 Nxd5 26. Qd3 g6 27. Nxd4 Nf4 28. Qb5 Bxd4 29. Bxd4 Re2 30. Bf2 Bxf3 31. Bd3 Rxb2 32. Qe5 Rxf2 33. Kxf2 Bxd1 34. Qxf4 Qc5+ 35. Qe3 Qh5 36. g4 Qh4+ 37. Kg2 Bxg4 38. hxg4 Qxg4+ 39. Qg3 Qxg3+ 40. Kxg3 Rc8 41. Bb5 Rc3+ 42. Kf4 b3 43. axb3 axb3 44. Rb1 Kg7 45. Ke4 h5 46. Kd4 Rg3 47. Bc4 h4 48. Bxb3 h3 49. Bd5 f5 50. Ke5 h2 51. Rb7+ Kh6 52. Kf6 Rd3 53. Rb2 Rh3 ({Inferior is} 53... Rxd5 54. Rxh2#) 54. Bh1 $1 Kh5 55. Rg2 f4 56. Rg5+ Kh4 57. Rxg6 f3 58. Kf5 f2 59. Rg4+ Kh5 60. Rf4 Rg3 61. Rxf2 Rg5+ (61... Kh4 $1 $11) 62. Kf4 $16 Rg4+ 63. Kf3 Kg5 64. Rxh2 (64. Rb2 {is interesting.} Rh4 65. Kg3 Rh7 66. Rb1) 64... Rh4 {[%emt 0:00:05] [#]} 65. Rg2+ $1 Kf5 66. Rg1 Rh3+ 67. Ke2 Rh4 68. Bf3 Rf4 69. Ke3 Rh4 70. Ra1 Ke5 71. Ra5+ Kf6 72. Be4 Rh2 73. Kf4 Rf2+ 74. Bf3 Rb2 75. Ra6+ Ke7 76. Ke5 Rd2 77. Bd5 Re2+ 78. Be4 Re1 79. Ra7+ Ke8 80. Kd5 1-0